 Dungeon Crawl Stone Soup version 0.18-a0-1805-g8ab820f (webtiles) character file.

36783 Mefis the Thaumaturge (level 13, -1/63 HPs)
             Began as a Deep Elf Wizard on Apr 26, 2016.
             Was a High Priest of Sif Muna.
             Slain by a wolf spider (6 damage)
             ... on level 2 of the Spider Nest.
             The game lasted 04:43:58 (21696 turns).

Mefis the Thaumaturge (Deep Elf Wizard)            Turns: 21696, Time: 04:43:58

Health: -1/63      AC:  8    Str:  4    XL:     13   Next: 54%
Magic:  3/35       EV: 19    Int: 27    God:    Sif Muna [*****.]
Gold:   953        SH:  0    Dex: 15    Spells: 13 memorised, 0 levels left

rFire  . . .     SeeInvis .     P - +0 shortbow
rCold  . . .     Gourm    .     T - +0 robe "Xadak" {rPois} (curse)
rNeg   . . .     Faith    .     (shield currently unavailable)
rPois  +         Spirit   .     O - +0 Maxwell's etheric cage {RegenMP+ *Contam rElec MP+4}
rElec  +         Dismiss  .     V - +0 cloak
rCorr  .         Reflect  .     (no gloves)
SustAt .         Harm     .     A - +1 pair of boots
MR     +++..                    (no amulet)
Stlth  ++++......               f - ring of wizardry
                                m - ring of stealth

@: repel missiles, extremely resistant to hostile enchantments, stealthy
A: fangs 1, repulsion field 1, thin metallic scales 1, thin skeletal structure
1, dopey 1, magic resistance 2, electricity resistance, wild magic 1, no device
heal 1
a: Channel Energy, Forget Spell, Renounce Religion


You were on level 2 of the Spider Nest.
You worshipped Sif Muna.
Sif Muna was extremely pleased with you.
You were hungry.

You visited 4 branches of the dungeon, and saw 16 of its levels.

You collected 953 gold pieces.

Inventory:

Hand Weapons
 t - a +3 dagger
 P - a +0 shortbow (weapon)
Missiles
 e - 44 tomahawks
 Q - 167 arrows (quivered)
Armour
 A - a +1 pair of boots (worn)
 O - the +0 Maxwell's etheric cage (worn) {RegenMP+ *Contam rElec MP+4}
   (You found it on level 5 of the Dungeon)

   It insulates you from electricity.
   It affects your magic capacity (+4).
   It causes magical contamination when unequipped.
 T - the cursed +0 robe "Xadak" (worn) {rPois}
   (You found it on level 9 of the Dungeon)

   It protects you from poison.
   It has a curse placed upon it.
 V - a +0 cloak (worn)
Magical Staves
 S - an uncursed staff of earth
Jewellery
 f - a ring of wizardry (right hand)
 g - an uncursed ring of see invisible
 m - a ring of stealth (left hand)
Wands
 h - a wand of confusion (19/48)
 k - a wand of paralysis (12/24)
 u - a wand of teleportation (5/9)
 I - a wand of flame (31/48)
 M - a wand of iceblast (14/15)
 U - a wand of lightning (1/15)
Scrolls
 a - a scroll of fog
 c - 2 scrolls of holy word {unknown}
 j - 2 scrolls of fear
 o - a scroll of magic mapping
 q - 6 scrolls of teleportation
 y - 10 scrolls of remove curse
 B - a scroll of identify
 C - 3 scrolls of blinking
 D - a scroll of silence {unknown}
 F - a scroll of immolation {unknown}
 L - a scroll of summoning
 W - a scroll of vulnerability {unknown}
Potions
 i - a potion of resistance {unknown}
 n - 3 potions of invisibility {unknown}
 r - a potion of ambrosia
 w - 2 potions of brilliance
 x - 4 potions of flight
 z - 3 potions of agility
 E - 5 potions of curing
 H - 3 potions of magic
 Y - 3 potions of haste
 Z - 2 potions of heal wounds
Books
 b - a book of Geomancy

   Spells                             Type                      Level
   a - Sandblast                      Earth                        1
   b - Passwall                       Transmutation/Earth          2
   c - Stone Arrow                    Conjuration/Earth            3
   d - Petrify                        Transmutation/Earth          4
   e - Lee's Rapid Deconstruction     Earth                        5
 p - a Young Poisoner's Handbook

   Spells                             Type                      Level
   a - Sting                          Conjuration/Poison           1
   b - Cure Poison                    Poison                       2
   c - Mephitic Cloud                 Conjuration/Poison/Air       3
   d - Olgreb's Toxic Radiance        Poison                       4
   e - Venom Bolt                     Conjuration/Poison           5
 G - a book of Unlife

   Spells                             Type                      Level
   a - Recall                         Summoning/Translocation      3
   b - Animate Dead                   Necromancy                   4
   c - Control Undead                 Necromancy                   4
   d - Cigotuvi's Embrace             Necromancy                   5
   e - Death Channel                  Necromancy                   6
   f - Simulacrum                     Ice/Necromancy               6
 J - a book of the Warp

   Spells                             Type                      Level
   a - Recall                         Summoning/Translocation      3
   b - Gell's Gravitas                Hexes/Translocation          3
   c - Force Lance                    Conjuration/Translocation    4
   d - Warp Weapon                    Charms/Translocation         5
   e - Summon Forest                  Summoning/Translocation      5
 N - a book of Enchantments

   Spells                             Type                      Level
   a - Cause Fear                     Hexes                        4
   b - Yara's Violent Unravelling     Hexes/Transmutation          5
   c - Silence                        Hexes/Air                    5
   d - Deflect Missiles               Charms/Air                   6
   e - Haste                          Charms                       6
   f - Discord                        Hexes                        8
 X - a book of Battle

   Spells                             Type                      Level
   a - Infusion                       Charms                       1
   b - Shroud of Golubria             Charms/Translocation         2
   c - Song of Slaying                Charms                       2
   d - Spectral Weapon                Hexes/Charms                 3
   e - Regeneration                   Charms/Necromancy            3
Miscellaneous
 l - a phial of floods
Comestibles
 d - 5 bread rations
 s - a royal jelly
 v - 8 meat rations
 K - 3 slices of pizza
 R - 9 beef jerkies


   Skills:
 - Level 0.1 Fighting
 * Level 8.3 Bows
 + Level 2.5 Throwing
 * Level 8.6 Dodging
 + Level 3.8 Stealth
 + Level 12.6 Spellcasting
 + Level 8.1 Conjurations
 * Level 8.2 Hexes
 * Level 6.4 Summonings
 * Level 5.4 Necromancy
 * Level 8.9 Translocations
 - Level 3.4 Fire Magic
 * Level 7.6 Air Magic
 + Level 3.8 Poison Magic
 * Level 4.6 Invocations
 * Level 7.0 Evocations


You couldn't memorise any spells.
You knew the following spells:

 Your Spells              Type           Power        Failure   Level  Hunger
a - Magic Dart            Conj           ####         1%          1    None
b - Call Imp              Summ           ######..     1%          2    None
c - Blink                 Tloc           N/A          1%          2    None
d - Sting                 Conj/Pois      ####         1%          1    None
e - Mephitic Cloud        Conj/Pois/Air  ######..     1%          3    None
f - Conjure Flame         Conj/Fire      ######..     1%          3    None
g - Slow                  Hex            ######..     1%          2    None
h - Cause Fear            Hex            ######....   1%          4    None
i - Summon Forest         Summ/Tloc      ######....   3%          5    ##.....
j - Regeneration          Chrm/Necr      #####.....   2%          3    None
k - Repel Missiles        Chrm/Air       #####.       1%          2    None
q - Venom Bolt            Conj/Pois      ######....   6%          5    ##.....
s - Force Lance           Conj/Tloc      ######..     1%          4    None


Dungeon Overview and Level Annotations

Branches:
Dungeon (10/15)            Temple (1/1) D:7            Lair (3/8) D:9
 Spider (2/4) Lair:3          Orc (0/2) D:10
  Swamp: Lair:3-6    Shoals: Lair:3-6

Altars:
Ashenzari
Cheibriados
Dithmenos
Elyvilon
Fedhas
Gozag
Kikubaaqudgha
Makhleb
Nemelex Xobeh
Okawaru
Pakellas
Qazlal
Ru
Sif Muna
Trog
Vehumet
Xom
Yredelemnul
Zin
The Shining One

Shops:
D:10 }

Annotations:
D:10 exclusions: wyvern and 1 more exclusion


Innate Abilities, Weirdness & Mutations

You have very sharp teeth.
You are surrounded by a mild repulsion field (EV +2).
You are partially covered in thin metallic scales (AC +2).
You have a somewhat thin skeletal structure (Dex +2, Stealth).
You are dopey. (Int -2)
You are highly resistant to hostile enchantments.
You are resistant to electric shocks.
Your spells are a little harder to cast, but a little more powerful.
Potions and wands are less effective at restoring your health.


Message History

Aim: a wolf spider (almost dead, clinging)
The lance of force hits the wolf spider.
You kill the wolf spider!
The wolf spider hits you!
* * * LOW HITPOINT WARNING * * *
The wolf spider closely misses you.
Casting: Force Lance
Confirm with . or Enter, or press ? or * to list all spells.
Okay, then.
Casting: Force Lance
Confirm with . or Enter, or press ? or * to list all spells.
A beastly little devil appears in a puff of flame.
The wolf spider completely misses you. The wolf spider bites you.
* * * LOW HITPOINT WARNING * * *
The wolf spider completely misses you. The wolf spider bites you!
* * * LOW HITPOINT WARNING * * *
You swap places.
Your crimson imp blinks!
The wolf spider hits you.
You die...

........## .........#
.........## ### #. ###
..........###.#### #.##.#######
.......... #.....###......##...
....(†... ##.s@..##.......###..
#....)..###....##..........##..
#(...(†..†...####...........###
#.....#..#..## ##...........###
...####..##.# #...##......##..
. ........# ##.....#.....##..
..####5.###.....###.%.###..
.... ##.......>...###..%##..
... #..###........####.#...


You could see a wolf spider.

Vanquished Creatures
  The ghost of George the Carver, a journeyman MiFi of Makhleb (Lair:2)
  2 hydras
  A queen ant (Spider:2)
  2 unseen horrors (D:10)
  2 hill giants (D:10)
  3 orb spiders
  An ugly thing (D:10)
  Pikel (D:8)
  10 wolf spiders
  A cyclops (D:10)
  2 black mambas
  5 spiny frogs
  A torpor snail (Lair:3)
  5 komodo dragons
  3 demonic crawlers
  12 jumping spiders
  A two-headed ogre (D:8)
  A slime creature (D:7)
  2 trolls (D:10)
  15 blink frogs
  A shadow (D:10)
  7 redbacks
  9 yaks
  6 tarantellas
  2 wyverns (D:10)
  5 hippogriffs
  3 hungry ghosts (D:10)
  Edmund (D:6)
  5 soldier ants
  10 water moccasins
  A hell hound (D:9)
  5 orc warriors
  4 porcupines
  5 sky beasts
  3 phantoms
  9 ogres
  4 black bears
  4 ice beasts
  A necrophage (D:10)
  3 centaurs
  4 crocodiles
  4 wolves (Lair:2)
  A big kobold (D:10)
  14 giant frogs
  A gnoll sergeant (D:5)
  A water moccasin skeleton (D:7)
  3 wights
  12 killer bees
  3 howler monkeys
  An electric eel (D:9)
  6 crimson imps
  2 lava snakes (D:7)
  A giant frog zombie (D:7)
  8 hounds
  9 orc priests
  6 jellies
  19 orc wizards
  A gnoll shaman (D:7)
  5 iguanas
  Ijyb (D:2)
  17 worker ants
  4 sheep (D:10)
  A killer bee zombie (D:9)
  8 ogre zombies (D:10)
  A hound zombie (D:9)
  A hound skeleton (D:4)
  A worker ant zombie (D:10)
  16 gnolls
  6 adders
  24 river rats
  3 shadow imps
  2 oozes
  2 worms (D:5)
  4 dart slugs
  7 giant geckos
  35 orcs
  4 giant cockroaches
  6 goblins
  6 hobgoblins
  9 jackals
  4 quokkas
  A ball python (D:3)
  2 bats
  A giant gecko skeleton (D:4)
  5 giant newts
  A goblin skeleton (D:10)
  2 hobgoblin skeletons (D:10)
  5 hobgoblin zombies (D:10)
  A jackal skeleton (D:6)
  10 kobolds
  6 orc skeletons (D:10)
  11 orc zombies (D:10)
  A quokka skeleton (D:8)
  A quokka zombie (D:5)
  5 rats
474 creatures vanquished.

Vanquished Creatures (collateral kills)
  A komodo dragon (Lair:1)
  A redback (Spider:1)
  4 yaks (Lair:3)
  The ghost of Mefis the Magician, an amateur DEWz (D:4)
  A hell hound (D:9)
  A phantom (D:6)
  A centaur (D:7)
  Blork the orc (D:6)
  A wyvern skeleton (D:10)
  A scorpion (D:6)
  2 wights (D:5)
  3 howler monkeys (D:7)
  A crimson imp (D:6)
  A centaur skeleton (D:7)
  A hound (D:4)
  A gnoll shaman (D:6)
  2 worker ants (Spider:2)
  An iguana (Lair:1)
  A gnoll (D:6)
  A river rat (Lair:1)
  2 adders
  2 shadow imps (D:7)
  2 worms (D:2)
  3 orcs
  A bat (D:2)
  2 hobgoblins (D:2)
  2 jackals
  A quokka (D:5)
  A plant (Lair:3)
43 creatures vanquished.

Vanquished Creatures (others)
  A tarantella (Spider:2)
  A soldier ant (Spider:2)
  An ogre (D:9)
  A quokka (D:7)
  3 plants
7 creatures vanquished.

Grand Total: 524 creatures vanquished

Notes
Turn   | Place    | Note
--------------------------------------------------------------
     0 | D:1      | Mefis the Deep Elf Wizard began the quest for the Orb.
     0 | D:1      | Reached XP level 1. HP: 10/10 MP: 7/7
    82 | D:1      | Found an iron altar of Okawaru.
   242 | D:1      | Reached skill level 5 in Spellcasting
   269 | D:1      | Reached XP level 2. HP: 12/15 MP: 0/10
   273 | D:1      | Learned a level 2 spell: Call Imp
   276 | D:1      | Learned a level 2 spell: Blink
   279 | D:1      | Learned a level 2 spell: Repel Missiles
  1060 | D:2      | Found a blossoming altar of Fedhas.
  1100 | D:2      | Reached XP level 3. HP: 7/19 MP: 0/12
  1229 | D:2      | Noticed Ijyb
  1272 | D:2      | Killed Ijyb
  1802 | D:2      | Found a burning altar of Makhleb.
  1802 | D:2      | Found a glowing silver altar of Zin.
  1803 | D:2      | Noticed an angel
  1803 | D:2      | Noticed a balrug
  1907 | D:2      | Reached XP level 4. HP: 24/24 MP: 10/13
  1912 | D:2      | Learned a level 3 spell: Mephitic Cloud
  1916 | D:2      | Learned a level 3 spell: Conjure Flame
  1977 | D:2      | Reached skill level 6 in Spellcasting
  1981 | D:2      | Learned a level 2 spell: Slow
  2248 | D:2      | Found a stormy altar of Qazlal.
  2438 | D:3      | Found a sparkling altar of Nemelex Xobeh.
  2439 | D:3      | Found an opulent altar of Gozag.
  2929 | D:4      | Noticed Mefis's ghost (amateur DEWz)
  3231 | D:4      | Reached XP level 5. HP: 19/28 MP: 4/15
  3369 | D:4      | Found a white marble altar of Elyvilon.
  3571 | D:4      | Killed Mefis's ghost
  3571 | D:4      | Reached skill level 1 in Fire Magic
  3571 | D:4      | Reached skill level 1 in Poison Magic
  3730 | D:4      | Found a basalt altar of Yredelemnul.
  4192 | D:4      | Found a radiant altar of Vehumet.
  4331 | D:5      | Entered Level 5 of the Dungeon
  4396 | D:5      | Noticed an ogre
  4411 | D:5      | Killed an ogre
  4411 | D:5      | Reached skill level 1 in Air Magic
  4411 | D:5      | Reached XP level 6. HP: 32/32 MP: 5/17
  4572 | D:5      | Reached skill level 1 in Throwing
  4648 | D:5      | Found a sacrificial altar of Ru.
  4653 | D:5      | Reached skill level 7 in Spellcasting
  4865 | D:5      | HP: 1/32 [quokka (4)]
  4884 | D:6      | Gained mutation: Potions and wands are less effective at restoring your health. [potion of mutation]
  4884 | D:6      | Gained mutation: You have large cloven feet. [potion of mutation]
  4884 | D:6      | Gained mutation: You are resistant to hostile enchantments. [potion of mutation]
  5228 | D:6      | Noticed Blork the orc
  5234 | D:6      | Reached XP level 7. HP: 36/36 MP: 10/19
  5288 | D:6      | Found a snail-covered altar of Cheibriados.
  5793 | D:7      | Found a bloodstained altar of Trog.
  5932 | D:6      | Noticed Edmund
  6607 | D:6      | Found a sacrificial altar of Ru.
  7163 | D:6      | Killed Blork the orc
  7198 | D:6      | Reached skill level 8 in Spellcasting
  7198 | D:6      | Reached XP level 8. HP: 41/41 MP: 12/22
  8183 | D:5      | Learned a level 4 spell: Cause Fear
  8188 | D:5      | Learned a level 4 spell: Force Lance
  8491 | D:5      | Reached skill level 1 in Evocations
  8673 | D:5      | Reached skill level 1 in Hexes
  8674 | D:5      | Reached skill level 1 in Bows
  8820 | D:6      | Killed Edmund
  9021 | D:6      | Reached XP level 9. HP: 40/45 MP: 15/23
  9520 | D:7      | Reached skill level 9 in Spellcasting
  9579 | D:7      | Found a staircase to the Ecumenical Temple.
  9688 | D:7      | Reached skill level 5 in Translocations
  9890 | D:7      | Found a white marble altar of Elyvilon.
 10454 | D:8      | Reached skill level 5 in Dodging
 10784 | D:8      | Found a glowing golden altar of the Shining One.
 10858 | D:8      | Reached XP level 10. HP: 50/50 MP: 18/25
 11107 | Temple   | Entered the Ecumenical Temple
 11117 | Temple   | Became a worshipper of Sif Muna the Loreminder
 11125 | Temple   | Learned a level 5 spell: Summon Forest
 11193 | D:8      | Reached skill level 5 in Conjurations
 11209 | D:8      | Noticed Pikel
 11225 | D:8      | Killed Pikel
 11225 | D:8      | Reached skill level 5 in Air Magic
 11539 | D:8      | Found a sparkling altar of Nemelex Xobeh.
 11696 | D:9      | Found a shadowy altar of Dithmenos.
 11731 | D:9      | Found a staircase to the Lair.
 11745 | D:9      | Reached skill level 10 in Spellcasting
 11844 | D:9      | Gained mutation: You have a somewhat thin skeletal structure (Dex +2, Stealth). [mutagenic meat]
 11845 | D:9      | Gained mutation: You are clumsy. (Dex -2) [mutagenic meat]
 11846 | D:9      | Lost mutation: You have large cloven feet. [mutagenic meat]
 11847 | D:9      | Gained mutation: You are highly resistant to hostile enchantments. [mutagenic meat]
 11848 | D:9      | Gained mutation: Your spells are a little harder to cast, but a little more powerful. [mutagenic meat]
 11851 | D:9      | Gained mutation: You are partially covered in thin metallic scales (AC +2). [potion of mutation]
 11851 | D:9      | Gained mutation: You are robust (+10% HP). [potion of mutation]
 11852 | D:9      | Lost mutation: You are clumsy. (Dex -2) [potion of mutation]
 11852 | D:9      | Gained mutation: You are surrounded by a mild repulsion field (EV +2). [potion of mutation]
 11852 | D:9      | Gained mutation: You are resistant to electric shocks. [potion of mutation]
 12114 | D:9      | Reached * piety under Sif Muna
 12133 | D:9      | Got a bloodstained robe
 12144 | D:9      | Identified the cursed +0 robe "Xadak" {rPois} (You found it on level 9 of the Dungeon)
 12229 | D:9      | Gained mutation: You are dopey. (Int -2) [mutagenic meat]
 12230 | D:9      | Gained mutation: You have very sharp teeth. [mutagenic meat]
 12231 | D:9      | Lost mutation: You are robust (+10% HP). [mutagenic meat]
 13137 | D:10     | Entered Level 10 of the Dungeon
 13142 | D:10     | Reached skill level 5 in Bows
 13514 | D:10     | Noticed a cyclops
 13524 | D:10     | Killed a cyclops
 13524 | D:10     | Reached XP level 11. HP: 12/54 MP: 21/27
 13762 | D:10     | Reached skill level 5 in Evocations
 13772 | D:10     | Learned a level 3 spell: Regeneration
 13827 | D:10     | Reached skill level 5 in Hexes
 13874 | D:10     | Reached ** piety under Sif Muna
 14022 | D:10     | Found a staircase to the Orcish Mines.
 14084 | D:10     | Found Otrenyib's Gadget Emporium.
 14202 | D:10     | Noticed an unseen horror
 14203 | D:10     | Noticed an unseen horror
 14206 | D:10     | Noticed a white ugly thing
 14272 | D:10     | Killed a white ugly thing
 14537 | D:10     | Killed an unseen horror
 14537 | D:10     | Reached skill level 1 in Necromancy
 14620 | D:10     | Noticed a hill giant
 14651 | D:10     | Killed a hill giant
 15036 | D:10     | Reached skill level 1 in Invocations
 15135 | D:10     | Killed an unseen horror
 15217 | D:10     | Noticed a hill giant
 15231 | D:10     | Killed a hill giant
 15231 | D:10     | Reached skill level 11 in Spellcasting
 15449 | D:10     | Reached skill level 5 in Summonings
 15760 | Lair:1   | Entered Level 1 of the Lair of Beasts
 15768 | D:9      | Learned a level 3 spell: Conjure Flame
 15770 | D:9      | Learned a level 1 spell: Sting
 15833 | Lair:1   | Reached *** piety under Sif Muna
 15844 | Lair:1   | HP: 1/54 [komodo dragon (32)]
 16286 | Lair:1   | Reached XP level 12. HP: 59/59 MP: 21/29
 17148 | Lair:1   | HP: 2/59 [blink frog (12)]
 17602 | Lair:2   | Noticed George's ghost (journeyman MiFi)
 17638 | Lair:2   | Killed George's ghost
 17638 | Lair:2   | Reached **** piety under Sif Muna
 18008 | Lair:2   | Noticed a seven-headed hydra
 18024 | Lair:2   | Killed a seven-headed hydra
 18796 | Lair:3   | Reached ***** piety under Sif Muna
 18854 | Lair:3   | Found a hole to the Spider Nest.
 18863 | Lair:3   | Reached skill level 12 in Spellcasting
 18953 | Lair:3   | Noticed a seven-headed hydra
 18961 | Lair:3   | Killed a seven-headed hydra
 19753 | Spider:1 | Entered Level 1 of the Spider Nest
 19773 | Spider:1 | Reached XP level 13. HP: 63/63 MP: 12/31
 20046 | Lair:3   | Learned a level 3 spell: Gell's Gravitas
 20811 | Spider:1 | Reached skill level 5 in Necromancy
 21324 | Spider:2 | Learned a level 5 spell: Venom Bolt
 21696 | Spider:2 | Slain by a wolf spider

Vault maps used:
D:1:      sevenhm_arrival_forest_fort_small_6, okawaru_ov_weapons_minmay
D:2:      grunt_temple_overflow_order_and_chaos_2,
          nicolae_qazlal_eye_of_the_storm, fedhas_altar_2, uniq_iyjb
D:3:      grunt_temple_overflow_opulence, serial_bayou_pond_e
D:4:      kennysheep_ying_yang, vehumet_altar_wand_db, first_bread
D:5:      nicolae_ru_great_annihilating_truth
D:6:      kennysheep_slug_shrine, lemuel_doored_altar, grunt_ministairs_8,
          uniq_edmund, uniq_blork_the_orc
D:7:      kennysheep_big_flooded_room, trog_ov_bears_minmay,
          minmay_temple_entry_from_below_b, elyvilon_altar_4
D:8:      tso_metal_star, basic_altar, uniq_pikel
D:9:      grunt_dithmenos_smoke, minmay_lair_entry_lava, grunt_ogre_cave,
          nicolae_water_bricks
D:10:     minmay_quarter_circles, zombieorc2_lemuel, serial_shops, shop,
          kennysheep_generic_room_14
Temple:   circular_temple_6
Lair:1:   serial_bayou_crossing, grunt_megastairs_5
Lair:2:   grunt_megastairs_3, serial_bayou_shore_b
Lair:3:   nicolae_spider_entry_orb_guardian
Spider:1: nicolae_spider_mines_1
Spider:2: minmay_another_anthill

Skill      XL: |  1  2  3  4  5  6  7  8  9 10 11 12 13 |
---------------+----------------------------------------+-----
Spellcasting   | 5 6 7 8 9 10 11 12 | 12.6
Conjurations   | 2 3 4 5 6 7 8 |  8.1
Summonings     | 2 4 5 6 |  6.4
Fire Magic     | 1 2 3 |  3.4
Poison Magic   | 2 3 |  3.8
Translocations | 2 3 4 5 6 7 8 |  8.9
Air Magic      | 1 2 3 4 5 6 7 |  7.6
Throwing       | 1 2 |  2.5
Dodging        | 3 5 6 7 8 |  8.6
Stealth        | 3 |  3.8
Evocations     | 2 3 4 5 6 7 |  7.0
Hexes          | 2 4 6 7 8 |  8.2
Bows           | 2 4 5 6 7 8 |  8.3
Necromancy     | 2 4 5 |  5.4
Invocations    | 2 4 |  4.6
Fighting       | |  0.1

Action                   |  1- 3 |  4- 6 |  7- 9 | 10-12 | 13-15 || total
-------------------------+-------+-------+-------+-------+-------++-------
Melee: Unarmed           |     1 |       |       |       |       ||     1
       Dagger            |     3 |     1 |     2 |       |       ||     6
 Fire: Shortbow          |       |       |    64 |   253 |    56 ||   373
Throw: Tomahawk          |       |    17 |    50 |    35 |     2 ||   104
 Cast: Magic Dart        |    90 |   140 |   259 |   408 |    22 ||   919
       Call Imp          |     9 |    18 |    53 |    34 |     1 ||   115
       Repel Missiles    |     2 |     1 |       |       |       ||     3
       Mephitic Cloud    |       |    10 |    56 |    73 |    15 ||   154
       Conjure Flame     |       |     3 |    12 |    35 |     2 ||    52
       Blink             |       |     3 |    26 |    19 |     4 ||    52
       Force Lance       |       |       |    58 |   304 |    65 ||   427
       Slow              |       |       |       |     9 |       ||     9
       Summon Forest     |       |       |       |     4 |       ||     4
       Sting             |       |       |       |    61 |    68 ||   129
       Cause Fear        |       |       |       |     1 |       ||     1
       Regeneration      |       |       |       |     1 |       ||     1
       Venom Bolt        |       |       |       |       |    11 ||    11
       Gell's Gravitas   |       |       |       |       |     3 ||     3
Invok: Forget Spell      |       |       |       |       |     1 ||     1
  Use: Potion            |       |     1 |     4 |     7 |       ||    12
       Scroll            |       |       |     8 |    13 |     3 ||    24
 Stab: Sleeping          |       |     1 |     2 |       |       ||     3
  Eat: Chunk             |     3 |     8 |     7 |    20 |     2 ||    40
       Fruit             |       |     1 |       |     2 |       ||     3
       Bread ration      |       |       |     3 |     3 |     1 ||     7
Armor: Robe              |     7 |     3 |    13 |    14 |     3 ||    40
Dodge: Dodged            |    31 |    30 |    43 |    95 |    23 ||   222
       Deflected         |     1 |     2 |     5 |     6 |       ||    14
